Map: Blackpink LE

Players

Elazer - Winner!

  • Race: Zerg Zerg
  • League: Master
  • Spawn Location: 1:00

Harstem

  • Race: Protoss Protoss
  • League: Master
  • Spawn Location: 7:00

Event: HomeStory Cup XVI

VOD

Have the link to the VOD?

Description

Time

  • Played on: Nov. 9, 2017, 8:10 a.m.
  • Length: 9:04

All games in this series

Show
View Real Time Build Order
Export as new Build Order

Elazer Zerg - Winner!

Build Orders: Hatch First 

Get SALT Encoding   

  12  0:00  Drone  
  13  0:12  Overlord  
  13  0:16  Drone  
  14  0:30  Drone x2  
  16  0:48  Hatchery  
  15  0:51  Drone  
  15  0:55  Drone  
  17  0:58  Drone  
  18  1:10  Extractor  
  17  1:13  Spawning Pool  
  17  1:18  Drone  
  17  1:20  Drone  
  18  1:28  Drone  
  19  1:38  Overlord  
  19  1:49  Drone  
  20  2:00  Queen, Drone  
  20  2:01  Queen  
  25  2:02  Zergling x2  
  26  2:09  Metabolic Boost  
  26  2:11  Drone  
  26  2:12  Drone  
  28  2:21  Drone  
  28  2:22  Drone  
  30  2:36  Hatchery  
  29  2:39  Drone  
  29  2:41  Drone  
  31  2:47  Pneumatized Carapace  
  31  2:49  Drone  
  32  2:54  Overlord  
  32  3:01  Drone x2  
  32  3:04  Drone x2  
  36  3:12  Queen  
  36  3:13  Drone  
  36  3:16  Drone x2  
  36  3:19  Drone  
  42  3:21  Drone  
  43  3:28  Drone  
  43  3:32  Spore Crawler  
  43  3:34  Spore Crawler, Drone  
  42  3:37  Drone  
  44  3:44  Overlord  
  44  3:48  Queen  
  44  3:52  Drone x4  
  44  3:54  Overlord  
  50  4:04  Zergling x4  
  50  4:05  Drone x3  
  50  4:08  Overlord  
  55  4:11  Spore Crawler, Lair  
  55  4:14  Drone  
  55  4:15  Drone x2  
  57  4:17  Drone  
  57  4:22  Spore Crawler  
  57  4:23  Drone x3  
  60  4:26  Drone  
  60  4:27  Drone  
  60  4:29  Drone  
  63  4:34  Extractor x2  
  63  4:36  Overlord  
  61  4:39  Drone x2  
  61  4:40  Drone  
  61  4:42  Drone  
  61  4:45  Overlord  
  65  4:46  Drone  
  65  4:47  Drone  
  65  4:48  Drone  
  65  4:50  Drone  
  65  4:51  Drone  
  65  4:52  Drone  
  71  4:59  Overlord, Drone  
  73  5:00  Extractor, Drone  
  73  5:01  Drone  
  73  5:03  Overlord  
  73  5:04  Evolution Chamber  
  72  5:08  Overlord  
  72  5:12  Hydralisk Den  
  72  5:13  Zergling x6  
  74  5:15  Overlord  
  74  5:16  Extractor  
  74  5:17  Drone  
  74  5:22  Overlord  
  74  5:23  Overlord  
  74  5:28  Drone x2  
  76  5:31  Zerg Missile Weapons Level 1  
  76  5:32  Drone  
  77  5:37  Hatchery  
  77  5:41  Hydralisk x3  
  77  5:42  Muscular Augments  
  82  5:46  Hydralisk  
  82  5:47  Hydralisk  
  86  5:54  Hydralisk x3  
  90  5:59  Hydralisk  
  90  6:00  Zergling x8  
  90  6:03  Hydralisk  
  97  6:06  Hydralisk  
  97  6:07  Zergling x4  
  101  6:11  Hydralisk  
  101  6:13  Hydralisk  
  101  6:14  Overlord  
  101  6:16  Zergling x2  
  105  6:21  Hydralisk x2  
  109  6:25  Zergling x2  
  109  6:26  Zergling x6  
  113  6:33  Hydralisk  
  107  6:43  Hydralisk x4  
  99  6:49  Hydralisk  
  99  6:50  Hydralisk  
  99  6:52  Zergling x4  
  97  6:57  Hydralisk  
  97  6:58  Hydralisk  
  98  7:02  Zergling x10  
  98  7:08  Hydralisk x2  
  103  7:13  Hydralisk  
  103  7:15  Overseer  
  109  7:20  Zergling x6  
  112  7:26  Hydralisk  
  114  7:30  Hydralisk  
  116  7:39  Hydralisk x2  
  116  7:41  Zergling x12  
  125  7:50  Zergling x6  
  120  7:59  Hydralisk x4  
  120  8:01  Hydralisk  
  120  8:02  Zergling x2  
  125  8:05  Zergling x2  
  125  8:06  Zergling x2  
  121  8:16  Hydralisk x3  
  121  8:19  Zergling x6  
  118  8:24  Hydralisk x2  
  110  8:31  Hydralisk  
  110  8:33  Zergling x6  
  107  8:38  Hydralisk x2  
  107  8:39  Zergling x2  
Show
View Real Time Build Order
Export as new Build Order

Harstem Protoss 

Build Orders: Nexus First, Oracle Opening 

Get SALT Encoding   

  1  0:00  Probe (Chrono Boost)  
  12  0:04  Probe (Chrono Boost)  
  14  0:18  Pylon  
  14  0:23  Probe (Chrono Boost)  
  15  0:38  Probe (Chrono Boost)  
  17  0:50  Probe (Chrono Boost)  
  17  0:57  Nexus  
  17  1:09  Probe (Chrono Boost)  
  17  1:10  Gateway  
  17  1:17  Probe (Chrono Boost)  
  18  1:21  Assimilator  
  19  1:28  Assimilator  
  19  1:29  Probe (Chrono Boost)  
  21  1:41  Probe (Chrono Boost)  
  21  1:53  Probe (Chrono Boost)  
  22  1:58  Cybernetics Core  
  22  2:03  Probe (Chrono Boost), Pylon  
  22  2:06  Probe (Chrono Boost)  
  23  2:09  Probe (Chrono Boost)  
  23  2:11  Zealot  
  23  2:13  Probe (Chrono Boost)  
  27  2:19  Probe (Chrono Boost)  
  29  2:25  Probe (Chrono Boost)  
  30  2:31  Probe (Chrono Boost)  
  30  2:34  Stargate  
  30  2:36  Warp Gate  
  32  2:37  Probe (Chrono Boost)  
  33  2:44  Probe (Chrono Boost)  
  33  2:45  Stalker  
  33  2:50  Probe (Chrono Boost)  
  36  2:53  Gateway  
  36  2:57  Probe (Chrono Boost)  
  37  3:02  Probe (Chrono Boost)  
  38  3:06  Pylon  
  38  3:07  Oracle  
  38  3:09  Probe (Chrono Boost)  
  38  3:10  Probe (Chrono Boost)  
  40  3:16  Probe (Chrono Boost)  
  44  3:21  Probe (Chrono Boost)  
  44  3:22  Assimilator  
  44  3:24  Assimilator  
  45  3:30  Probe (Chrono Boost), Pylon  
  45  3:33  Probe (Chrono Boost)  
  47  3:36  Gateway  
  47  3:44  Probe (Chrono Boost)  
  47  3:45  Probe (Chrono Boost)  
  49  3:48  Twilight Council  
  49  3:52  Adept  
  52  3:56  Probe (Chrono Boost)  
  52  3:58  Probe (Chrono Boost)  
  52  3:59  Pylon  
  53  4:04  Robotics Facility  
  53  4:06  Blink  
  53  4:08  Probe (Chrono Boost)  
  55  4:10  Probe (Chrono Boost)  
  55  4:20  Pylon  
  55  4:22  Probe (Chrono Boost)  
  56  4:29  Probe (Chrono Boost)  
  57  4:35  Nexus  
  57  4:38  Pylon  
  58  4:39  Probe (Chrono Boost)  
  58  4:41  Probe (Chrono Boost)  
  58  4:43  Sentry  
  61  4:50  Sentry x2  
  61  4:51  Warp Prism  
  67  4:58  Gateway  
  67  5:02  Gateway  
  67  5:06  Probe (Chrono Boost)  
  68  5:12  Gateway  
  68  5:13  Sentry x3  
  74  5:18  Probe (Chrono Boost)  
  74  5:19  Gateway  
  75  5:25  Probe (Chrono Boost)  
  75  5:28  Pylon  
  76  5:30  Observer, Probe (Chrono Boost)  
  76  5:33  Shield Battery  
  76  5:34  Pylon  
  79  5:37  Probe (Chrono Boost)  
  79  5:40  Sentry  
  79  5:41  Sentry x2  
  86  5:42  Probe (Chrono Boost)  
  86  5:49  Probe x2 (Chrono Boost)  
  88  5:55  Probe (Chrono Boost)  
  87  5:57  Zealot  
  90  6:06  Stalker x4  
  90  6:08  Stalker  
  99  6:17  Probe x2 (Chrono Boost)  
  101  6:19  Stalker  
  101  6:20  Stalker  
  103  6:34  Stalker x3  
  105  6:44  Stalker  
  105  6:45  Stalker x3  
  105  6:47  Probe (Chrono Boost)  
  105  6:48  Charge, Probe (Chrono Boost)  
  105  6:49  Probe (Chrono Boost)  
  96  6:59  Probe (Chrono Boost)  
  96  7:00  Assimilator, Probe (Chrono Boost)  
  94  7:03  Sentry  
  94  7:04  Zealot x2, Forge  
  94  7:07  Assimilator  
  97  7:10  Zealot x2, Probe (Chrono Boost), Sentry  
  97  7:11  Zealot, Probe (Chrono Boost)  
  97  7:12  Immortal  
  97  7:13  Pylon  
  107  7:19  Probe (Chrono Boost)  
  108  7:24  Pylon  
  108  7:27  Shield Battery  
  108  7:29  Shield Battery  
  112  7:31  Stalker, Sentry  
  112  7:35  Stalker  
  119  7:44  Observer  
  119  7:46  Stalker x2  
  119  7:49  Zealot, Shield Battery  
  119  7:50  Zealot  
  115  8:00  Stalker  
  115  8:01  Probe (Chrono Boost)  
  116  8:08  Zealot x2  
  116  8:09  Stalker, Probe (Chrono Boost)  
  116  8:12  Zealot x3  
  105  8:26  Zealot  
  96  8:29  Probe (Chrono Boost)  
  96  8:31  Zealot x2  
  96  8:34  Zealot x4  
  91  8:38  Probe (Chrono Boost)  
  91  8:39  Probe (Chrono Boost)  
  83  8:46  Zealot  
  83  8:47  Probe (Chrono Boost)  
Tags
 
Add a new tag
Caveats
  • Supply blocks, unpowered buildings, or Contaminate may cause inaccurate times.
  • Supply counts are checked every 10 seconds.